 Dungeon Crawl Stone Soup version 0.29-a0-384-g6960b1960d (webtiles) character file.

Game seed: 13109347860645193924

7036 greenreed the Nimble (level 11, 0/88 (89) HPs)
             Began as a Gnoll Monk on May 6, 2022.
             Was a Follower of Ashenzari.
             Shot with an arrow by a centaur (10 damage)
             ... on level 10 of the Dungeon.
             The game lasted 00:36:11 (10586 turns).

greenreed the Nimble (Gnoll Monk)                  Turns: 10586, Time: 00:36:11

HP:   0/88 (89)     AC: 10    Str: 12    XL:     11   Next: 9%
MP:   19/19         EV: 16    Int: 12    God:    Ashenzari [*.....]
Gold: 515           SH:  0    Dex: 15    Spells: 19/21 levels left

rFire   + . .      SeeInvis .   E - +0 dire flail (protect)
rCold   + + .      Faith    .   (shield currently unavailable)
rNeg    . . .      Spirit   .   m - +4 robe "Bound With Me" {Contam Fly rPois, Evo, Bglg} (curse)
rPois   +          Reflect  .   (no helmet)
rElec   .          Harm     .   (no cloak)
rCorr   .          Rampage  .   (no gloves)
Will    .....                   e - +0 pair of boots of the Shattered Anarchy {Melee, Fort} (curse)
Stlth   ++++......              l - amulet of magic regeneration
HPRegen 0.24/turn               p - ring of protection from cold
MPRegen 0.56/turn               F - ring of protection from fire

@: corroded, under a protective aura, flying, hasted, lightly drained, very
quick
A: fangs 1, strong nose, distributed training, cold resistance 1, wild magic 2
a: Renounce Religion, Curse Item, Shatter the Chains


You were on level 10 of the Dungeon.
You worshipped Ashenzari.
Ashenzari was aware of your devotion.
You visited 2 branches of the dungeon, and saw 11 of its levels.

You collected 515 gold pieces.

Inventory:

Hand Weapons
 a - a +0 mace
 w - a +5 flail
 E - a +0 dire flail of protection (weapon)
 U - a +3 halberd
Missiles
 A - 3 throwing nets
 I - 14 poisoned darts (quivered)
Armour
 b - a +0 robe
 d - a +0 leather armour
 e - the cursed +0 pair of boots of the Shattered Anarchy (worn) {Melee, Fort}
   (You found it on level 1 of the Dungeon)

   It has a curse which improves the following skills: Melee Combat: Short
   Blades, Long Blades, Axes, Maces & Flails, Polearms, Staves and Unarmed
   Combat.
   Fortitude: Armour and Shields.
 m - the cursed +4 robe "Bound With Me" (worn) {Contam Fly rPois, Evo, Bglg}
   (You took it off a kobold on level 2 of the Dungeon)

   rPois:     It protects you from poison.
   Fly:       It grants you flight.
   Contam:    It causes magical contamination when unequipped.
   It has a curse which improves the following skills: Evocations: Evocations.
   Beguiling: Conjurations, Hexes and Translocations.
 u - a scarf of harm
 x - a +0 robe of positive energy
Jewellery
 l - an amulet of magic regeneration (around neck)
 p - a ring of protection from cold (left hand)
 y - an amulet of regeneration
 F - a ring of protection from fire (right hand)
 J - a +6 ring of dexterity
 N - a ring of resist corrosion
Wands
 v - a wand of acid (2)
 O - a wand of paralysis (9)
 P - a wand of polymorph (9)
 S - a wand of flame (5)
 T - a wand of iceblast (4)
Scrolls
 f - 3 scrolls of fear
 j - 2 scrolls of poison
 k - 5 scrolls of teleportation
 n - 2 scrolls of vulnerability
 o - a scroll of enchant armour
 r - 3 scrolls of fog
 s - 4 scrolls of amnesia
 t - 2 scrolls of immolation
 B - 5 scrolls of enchant weapon
 C - a scroll of magic mapping
 G - a scroll of blinking
 K - a scroll of torment
Potions
 c - 2 potions of ambrosia
 g - 3 potions of flight
 h - 5 potions of curing
 i - a potion of cancellation
 z - a potion of berserk rage
 D - 2 potions of attraction
 H - 4 potions of invisibility
 L - a potion of lignification
 M - a potion of might
 Q - a potion of mutation
 R - a potion of haste


   Skills:
 + Level 9.0 Fighting
 + Level 5.9(6.8) Short Blades
 + Level 5.9(6.8) Long Blades
 + Level 5.9(6.8) Axes
 + Level 9.0(9.8) Maces & Flails
 + Level 5.9(6.8) Polearms
 + Level 5.9(6.8) Staves
 + Level 5.9 Slings
 + Level 5.9 Bows
 + Level 5.9 Crossbows
 + Level 5.9 Throwing
 + Level 5.9(6.8) Armour
 + Level 9.0 Dodging
 + Level 7.3 Stealth
 + Level 5.9(6.8) Shields
 + Level 5.9(6.8) Unarmed Combat
 + Level 5.9 Spellcasting
 + Level 4.9(5.7) Conjurations
 + Level 4.9(5.7) Hexes
 + Level 4.9 Summonings
 + Level 4.9 Necromancy
 + Level 4.9(5.7) Translocations
 + Level 4.9 Transmutations
 + Level 4.9 Fire Magic
 + Level 4.9 Ice Magic
 + Level 4.9 Air Magic
 + Level 4.9 Earth Magic
 + Level 4.9 Poison Magic
 + Level 6.5 Invocations
 + Level 5.9(6.8) Evocations


You had 19 spell levels left.
You knew the following spells:

 Your Spells              Type           Power      Damage    Failure   Level
a - Static Discharge      Conj/Air       26%        N/A       9%          2

Your spell library contained the following spells:

 Spells                   Type           Power      Damage    Failure   Level
 Apportation              Tloc           54%        N/A       5%          1
 Animate Skeleton         Necr           48%        N/A       7%          1
 Summon Small Mammal      Summ           96%        N/A       7%          1
 Lightning Bolt           Conj/Air       13%        1d26      67%         5
 Maxwell's Capacitive Co  Air            12%        ∞         100%        8


Dungeon Overview and Level Annotations

Branches:
Dungeon (10/15)            Temple (1/1) D:4
   Lair: D:8-11         Orc: D:9-12

Altars:
Ashenzari
Cheibriados
Elyvilon
Fedhas
Gozag
Hepliaklqana
Kikubaaqudgha
Makhleb
Nemelex Xobeh
Okawaru
Qazlal
Ru
Sif Muna
Trog
Uskayaw
Vehumet
Wu Jian
Xom
Yredelemnul
Zin
The Shining One

Shops:
D:2 =(   D:6 [   D:7 =

Portals:
Trove: D:10 (give 5 scrolls of fear)

Annotations:
D:10 exclusion: 2 oklob plants


Innate Abilities, Weirdness & Mutations

You have very sharp teeth.
Your uncanny sense of smell can sniff out nearby items.
Your experience applies equally to all skills.
Your flesh is cold resistant. (rC+)
Your spells are harder to cast, but more powerful.


Message History

You can't see any susceptible monsters within range! (Use Z to cast anyway.)
You barely miss something. Something hits you.
You barely miss something. You bite something. You miss something.
Something hits you but does no damage. The acid dragon spits acid at you.
The splash of acid hits you!
You hear a shout!
You sock something!
Your weapon exudes an aura of protection.
Reactivating autopickup.
You feel a bit more experienced.
A centaur comes into view. It is carrying a wand of flame (5).
Your Fighting skill increases to level 9!
Your Maces & Flails skill increases to level 9!
Your Dodging skill increases to level 9!
The acid dragon completely misses you. The acid dragon barely misses you.
The centaur wields a +0 shortbow.
The centaur shoots an arrow.
The arrow hits you.
Items here: )) [[.
The acid dragon spits acid at you. The splash of acid misses you.
You barely miss the acid dragon.
The centaur shoots an arrow.
The arrow hits you! The acid dragon bites you. The acid dragon misses you.
You hit the acid dragon but do no damage.
Your weapon exudes an aura of protection.
You bite the acid dragon.
The acid dragon is lightly wounded.
The centaur zaps a wand.
The puff of flame misses you. The acid dragon spits acid at you.
The splash of acid hits you!!
* * * LOW HITPOINT WARNING * * *
The acid corrodes you!
You feel better.
The centaur shoots an arrow.
The arrow closely misses you.
The centaur shoots an arrow.
The arrow barely misses you. The acid dragon bites you!
* * * LOW HITPOINT WARNING * * *
The acid dragon claws you but does no damage.
Okay, then.
You feel yourself speed up.
The centaur shoots an arrow.
The arrow hits you!
You die...

... ..# ..# ..#
########.# ..####
.[.......# ......
...#..:#.##......
..c..............
...#...#@.....#
........)D....#
###############).:...###
#.......................
#.......................
#.)...................##
##.....................#
.......................#
.........<.......###$.$#


You could see an acid dragon (catching breath) and a centaur.

Vanquished Creatures
  Harold (D:9)
  Erica (D:9)
  Pikel (D:7)
  A deep elf pyromancer (D:6)
  Joseph (D:9)
  A kobold demonologist (D:8)
  A komodo dragon (D:7)
  A shadow (D:8)
  A wraith (D:8)
  2 steam dragons
  An acid dragon (D:8)
  Edmund (D:5)
  A sky beast (D:7)
  3 ice beasts
  An ogre (D:7)
  4 orc warriors
  A centaur (D:8)
  3 phantoms
  A kobold brigand (D:6)
  2 bullfrogs (D:8)
  3 necrophages
  3 scorpions
  14 wights
  5 howler monkeys
  2 hounds
  5 orc priests
  3 jellies
  4 iguanas
  9 orc wizards
  5 adders
  A shadow imp (D:6)
  A white imp (D:8)
  2 worms
  A dart slug (D:3)
  26 orcs
  3 bats
  5 endoplasms
  2 giant cockroaches
  10 hobgoblins
  2 jackals (D:4)
  7 kobolds
  5 quokkas
  4 ball pythons
  4 frilled lizards
  4 goblins
  5 rats
164 creatures vanquished.

Vanquished Creatures (others)
  5 plants (D:4)
5 creatures vanquished.

Grand Total: 169 creatures vanquished

Notes
Turn   | Place    | Note
-------+----------+-------------------------------------------
     0 | D:1      | greenreed the Gnoll Monk began the quest for the Orb.
     0 | D:1      | Reached XP level 1. HP: 23/23 MP: 1/1
   220 | D:1      | Reached XP level 2. HP: 29/29 MP: 2/2
   864 | D:2      | Found Gibbyntu's Antique Weapon Emporium.
   874 | D:2      | Reached skill level 1 in Invocations
   874 | D:2      | Reached XP level 3. HP: 22/35 MP: 2/4
   983 | D:2      | Reached skill level 1 in Short Blades
   983 | D:2      | Reached skill level 1 in Long Blades
   983 | D:2      | Reached skill level 1 in Axes
   983 | D:2      | Reached skill level 1 in Polearms
   983 | D:2      | Reached skill level 1 in Staves
   983 | D:2      | Reached skill level 1 in Slings
   983 | D:2      | Reached skill level 1 in Bows
   983 | D:2      | Reached skill level 1 in Crossbows
   983 | D:2      | Reached skill level 1 in Throwing
   983 | D:2      | Reached skill level 1 in Armour
   983 | D:2      | Reached skill level 1 in Shields
   983 | D:2      | Reached skill level 1 in Unarmed Combat
   983 | D:2      | Reached skill level 1 in Spellcasting
   983 | D:2      | Reached skill level 1 in Evocations
   998 | D:2      | Identified the +4 robe "Pucvemey" {Contam Fly rPois}
  1155 | D:2      | Reached XP level 4. HP: 41/41 MP: 5/5
  1356 | D:2      | Found Ysim's Jewellery Shoppe.
  1750 | D:3      | You are sucked into a shaft and drop 1 floor!
  1773 | D:4      | Noticed a phantom
  1802 | D:4      | Reached skill level 1 in Conjurations
  1802 | D:4      | Reached skill level 1 in Hexes
  1802 | D:4      | Reached skill level 1 in Summonings
  1802 | D:4      | Reached skill level 1 in Necromancy
  1802 | D:4      | Reached skill level 1 in Translocations
  1802 | D:4      | Reached skill level 1 in Transmutations
  1802 | D:4      | Reached skill level 1 in Fire Magic
  1802 | D:4      | Reached skill level 1 in Ice Magic
  1802 | D:4      | Reached skill level 1 in Air Magic
  1802 | D:4      | Reached skill level 1 in Earth Magic
  1802 | D:4      | Reached skill level 1 in Poison Magic
  1893 | D:4      | Found a staircase to the Ecumenical Temple.
  1902 | Temple   | Entered the Ecumenical Temple
  2060 | Temple   | Became a worshipper of Ashenzari the Shackled
  2094 | D:4      | Reached XP level 5. HP: 47/47 MP: 6/6
  3299 | D:3      | Reached XP level 6. HP: 5/53 MP: 8/8
  3835 | D:4      | Reached XP level 7. HP: 59/59 MP: 10/10
  4191 | D:4      | Reached skill level 5 in Stealth
  4311 | D:5      | Entered Level 5 of the Dungeon
  4429 | D:5      | Learned a level 2 spell: Static Discharge
  4532 | D:5      | Reached XP level 8. HP: 67/67 MP: 12/12
  4559 | D:5      | Found a hide-covered altar of Uskayaw.
  4560 | D:5      | Found a bloodstained altar of Trog.
  4894 | D:5      | Noticed Edmund
  4912 | D:5      | Killed Edmund
  5431 | D:6      | Found Deddura's Armour Shop.
  5633 | D:6      | Noticed a deep elf pyromancer
  5642 | D:6      | Killed a deep elf pyromancer
  5643 | D:6      | Reached XP level 9. HP: 67/73 MP: 14/14
  6046 | D:7      | Noticed a komodo dragon
  6352 | D:7      | Found Misorach's Jewellery Shop.
  6367 | D:7      | Noticed Pikel
  6376 | D:7      | Killed Pikel
  6377 | D:7      | Reached skill level 5 in Invocations
  6520 | D:7      | Found a radiant altar of Vehumet.
  6715 | D:7      | Found a white marble altar of Elyvilon.
  6719 | D:7      | Found a glowing silver altar of Zin.
  7048 | D:7      | Killed a komodo dragon
  7049 | D:7      | Reached XP level 10. HP: 80/80 MP: 17/17
  7185 | D:7      | Reached * piety under Ashenzari
  7603 | D:8      | Reached skill level 5 in Short Blades
  7603 | D:8      | Reached skill level 5 in Long Blades
  7603 | D:8      | Reached skill level 5 in Axes
  7603 | D:8      | Reached skill level 5 in Polearms
  7603 | D:8      | Reached skill level 5 in Staves
  7603 | D:8      | Reached skill level 5 in Slings
  7603 | D:8      | Reached skill level 5 in Bows
  7603 | D:8      | Reached skill level 5 in Crossbows
  7603 | D:8      | Reached skill level 5 in Throwing
  7603 | D:8      | Reached skill level 5 in Armour
  7603 | D:8      | Reached skill level 5 in Shields
  7603 | D:8      | Reached skill level 5 in Unarmed Combat
  7603 | D:8      | Reached skill level 5 in Spellcasting
  7603 | D:8      | Reached skill level 5 in Evocations
  7629 | D:8      | Gained mutation: You are partially covered in iridescent
                  | scales. (AC +2) [potion of mutation]
  7630 | D:8      | Lost mutation: You are partially covered in iridescent
                  | scales. (AC +2) [potion of mutation]
  7630 | D:8      | Gained mutation: Your spells are a little harder to cast,
                  | but a little more powerful. [potion of mutation]
  7630 | D:8      | Gained mutation: Your spells are harder to cast, but more
                  | powerful. [potion of mutation]
  7630 | D:8      | Gained mutation: Your flesh is cold resistant. (rC+)
                  | [potion of mutation]
  7778 | D:9      | Identified the cursed +0 pair of boots of the Shattered
                  | Anarchy {Melee, Fort} (You found it on level 1 of the
                  | Dungeon)
  8141 | D:8      | Noticed a kobold demonologist
  8145 | D:8      | Killed a kobold demonologist
  8371 | D:8      | Found a shimmering blue altar of Sif Muna.
  9069 | D:9      | Found an opulent altar of Gozag.
  9270 | D:9      | Noticed Harold
  9284 | D:9      | Killed Harold
  9696 | D:9      | Noticed Erica
  9701 | D:9      | Noticed Joseph
  9704 | D:9      | Killed Erica
  9709 | D:9      | Killed Joseph
  9710 | D:9      | Reached XP level 11. HP: 30/87 MP: 19/19
 10417 | D:10     | Entered Level 10 of the Dungeon
 10422 | D:10     | Noticed an oklob plant
 10426 | D:10     | Noticed an oklob plant
 10562 | D:10     | Found a portal to a secret trove of treasure.
 10586 | D:10     | Shot with an arrow by a centaur

Illustrated notes

Levels and vault maps discovered:
D:1:      erik_arrival_orb_chamber, layout_basic
D:2:      layout_basic, serial_shops, nicolae_shop_overgrown_old_shop, shop
D:3:      layout_basic
D:4:      layout_loops_ring, minmay_temple_entry_overgrown,
          minmay_misc_feat_plants
D:5:      layout_rooms, mainiacjoe_overflow_divided_tiny,
          mrwooster_statue_mirror, grunt_decor_clamped, minivault_27,
          uniq_edmund
D:6:      layout_loops_ring, serial_shops, shop_fountains,
          chequers_serial_rivers_room_a, st_stairs_6, kennysheep_crisscross,
          guppyfry_early_elven_hall
D:7:      layout_loops_ring, grunt_temple_overflow_open, amcnicky_altar_gilded,
          serial_shops, nicolae_diamond_shop, uniq_pikel
D:8:      layout_cave_pools, nicolae_sif_muna_condensation
D:9:      layout_loops_cross, mainiacjoe_overflow_concentric_impassable,
          uniq_joseph, uniq_erica, uniq_harold
D:10:     layout_small_grid, lemuel_coloured_pillars_altar, dpeg_oklobed_lair,
          nicolae_trove_entry_free_sample
Temple:   eino_narrow_crystal_temple

Skill      XL: |  1  2  3  4  5  6  7  8  9 10 11 |
---------------+----------------------------------+-----
Invocations    | 1 2 3 4 5 6 |  6.5
Short Blades   | 1 2 3 4 5 |  5.9
Long Blades    | 1 2 3 4 5 |  5.9
Axes           | 1 2 3 4 5 |  5.9
Polearms       | 1 2 3 4 5 |  5.9
Staves         | 1 2 3 4 5 |  5.9
Slings         | 1 2 3 4 5 |  5.9
Bows           | 1 2 3 4 5 |  5.9
Crossbows      | 1 2 3 4 5 |  5.9
Throwing       | 1 2 3 4 5 |  5.9
Armour         | 1 2 3 4 5 |  5.9
Shields        | 1 2 3 4 5 |  5.9
Unarmed Combat | 1 2 3 4 5 |  5.9
Spellcasting   | 1 2 3 4 5 |  5.9
Evocations     | 1 2 3 4 5 |  5.9
Conjurations   | 1 2 3 4 |  4.9
Hexes          | 1 2 3 4 |  4.9
Summonings     | 1 2 3 4 |  4.9
Necromancy     | 1 2 3 4 |  4.9
Translocations | 1 2 3 4 |  4.9
Transmutations | 1 2 3 4 |  4.9
Fire Magic     | 1 2 3 4 |  4.9
Ice Magic      | 1 2 3 4 |  4.9
Air Magic      | 1 2 3 4 |  4.9
Earth Magic    | 1 2 3 4 |  4.9
Poison Magic   | 1 2 3 4 |  4.9
Fighting       | 7 8 9 |  9.0
Maces & Flails | 7 8 9 |  9.0
Dodging        | 7 8 9 |  9.0
Stealth        | 5 6 7 |  7.3

Action                   |  1- 3 |  4- 6 |  7- 9 | 10-12 || total
-------------------------+-------+-------+-------+-------++-------
Melee: Mace              |    57 |   138 |       |       ||   195
       Bite              |     4 |    14 |    30 |    28 ||    76
       Flail             |       |    31 |    98 |       ||   129
       Punch             |       |     2 |     3 |       ||     5
       Dire flail        |       |       |   154 |   169 ||   323
       Unarmed           |       |       |       |    15 ||    15
       Trident           |       |       |       |    37 ||    37
 Cast: Static Discharge  |       |       |       |     4 ||     4
Invok: Curse Item        |       |     1 |       |     1 ||     2
Evoke: Wand              |       |       |     9 |    20 ||    29
  Use: Scroll            |       |     5 |       |     1 ||     6
       Potion            |       |       |       |     6 ||     6
 Stab: Sleeping          |     4 |     5 |    12 |     2 ||    23
       Distracted        |       |       |     1 |     1 ||     2
Armor: Robe              |     8 |    41 |    54 |    49 ||   152
Dodge: Dodged            |    38 |   129 |   159 |   158 ||   484

Table legend: (Time is in decaauts)
 A = Elapsed time spent in this place.
 B = Non-inter-level travel time spent in this place.
 C = Inter-level travel time spent in this place.
 D = Time resting spent in this place.
 E = Time spent auto-exploring this place.
 F = Levels seen in this place.
 G = Mean time per level.
                   A        B        C        D        E       F      G
               +--------+--------+--------+--------+--------+-----+--------+
         Total |  10584 |  10257 |    327 |   1036 |   7402 |  11 |  962.2 |
       Dungeon |  10410 |  10104 |    306 |   1036 |   7267 |  10 | 1041.0 |
        Temple |    173 |    152 |     21 |      0 |    135 |   1 |  173.0 |
               +--------+--------+--------+--------+--------+-----+--------+

Top non-repeatable levels by time:
     D:3: 1589 daAuts
     D:9: 1450 daAuts
     D:8: 1449 daAuts
     D:7: 1253 daAuts
     D:4: 1067 daAuts
     D:5: 967 daAuts
     D:6: 964 daAuts
     D:1: 862 daAuts
     D:2: 638 daAuts
  Temple: 173 daAuts
    D:10: 166 daAuts
